 Dungeon Crawl Stone Soup version 0.28-a0-883-gc8d7bad45d (webtiles) character file.

Game seed: 14441698852214803687

1857 bande the Chopper (level 9, -3/55 HPs)
             Began as a Gargoyle Fighter on Nov 21, 2021.
             Slain by a sixfirhy (4 damage)
             ... led by a cacodemon
             ... on level 1 of the Abyss.
             The game lasted 00:13:32 (6557 turns).

bande the Chopper (Gargoyle Fighter)                Turns: 6557, Time: 00:13:33

Health: -3/55      AC: 18    Str: 28    XL:     9   Next: 13%
Magic:  0/9        EV: 11    Int:  8    God:
Gold:   246        SH:  9    Dex: 11    Spells: 8/8 levels left

rFire   . . .      SeeInvis .   a - +0 war axe (flame)
rCold   . . .      Faith    .   n - +0 kite shield
rNeg    + . .      Spirit   +   m - +0 chain mail
rPois   ∞          Reflect  .   l - +1 helmet
rElec   +          Harm     .   (no cloak)
rCorr   .          Rampage  .   (no gloves)
Will    .....                   (no boots)
Stlth   ..........              f - amulet of guardian spirit
HPRegen 0.18/turn               e - +4 ring of evasion
MPRegen 0.11/turn               k - +6 ring of strength

@: about to teleport
A: sickness immunity, AC +6, negative energy resistance 1, electricity
resistance, torment resistance 1, petrification resistance
a: no special abilities


You were on level 1 of the Abyss.
You visited 1 branch of the dungeon, and saw 6 of its levels.
You visited the Abyss 1 time.

You collected 246 gold pieces.

Inventory:

Hand Weapons
 a - a +0 war axe of flaming (weapon)
 o - a +2 hand axe of freezing
Armour
 l - a +1 helmet (worn)
 m - a +0 chain mail (worn)
 n - a +0 kite shield (worn)
Jewellery
 e - a +4 ring of evasion (left hand)
 f - an amulet of guardian spirit (around neck)
 k - a +6 ring of strength (right hand)
Wands
 p - a wand of charming (3)
 t - a wand of flame (20)
 u - a wand of digging (12)
Scrolls
 c - 2 scrolls of teleportation
 s - a scroll of vulnerability {unknown}
 v - a scroll of magic mapping
 w - a scroll of fog
 y - 2 scrolls of identify
 A - a scroll of summoning {unknown}
Potions
 b - 3 potions of brilliance
 d - a potion of might
 g - 2 potions of flight
 h - a potion of mutation {unknown}
 i - 4 potions of curing
 j - a potion of haste {unknown}
 q - 3 potions of heal wounds {unknown}
 r - a potion of berserk rage {unknown}
 x - a potion of degeneration {unknown}
 z - a potion of ambrosia {unknown}


   Skills:
 + Level 6.1 Fighting
 + Level 7.7 Axes
 + Level 6.0 Armour
 + Level 6.1 Shields


You had 8 spell levels left.
You didn't know any spells.
Your spell library contained the following spells:

 Spells                   Type           Power      Damage    Failure   Level
 Foxfire                  Conj/Fire      0%         2x1d4     100%        1
 Sting                    Tmut/Pois      0%         1d3       100%        1
 Poisonous Vapours        Pois/Air       0%         N/A       100%        2
 Conjure Flame            Conj/Fire      0%         6-21      100%        3
 Inner Flame              Hex/Fire       0%         N/A       100%        3
 Flame Wave               Conj/Fire      0%         3d3       100%        4
 Olgreb's Toxic Radiance  Pois           0%         N/A       100%        4


Dungeon Overview and Level Annotations

Branches:
Dungeon (6/15)
 Temple: D:4-7

Altars:
Trog


Innate Abilities, Weirdness & Mutations

You are immune to sickness and miasma.
Your stone body is resilient. (AC +6)
You are immune to poison.
You resist negative energy. (rN+)
You are resistant to electric shocks. (rElec)
You are resistant to unholy torment.
You are immune to petrification.


Message History

The sixfirhy hits you but does no damage.
The sixfirhy hits you. The sixfirhy shocks you. You resist.
You block the sixfirhy's attack. The sixfirhy hits you.
The sixfirhy shocks you. You resist. The sixfirhy hits you.
The sixfirhy shocks you. You resist.
The sixfirhy hits you but does no damage.
The sixfirhy misses you. The sixfirhy hits you. The sixfirhy shocks you.
You resist. The sixfirhy hits you. The sixfirhy shocks you. You resist.
* * * LOW HITPOINT WARNING * * *
You block the sixfirhy's attack. You block the sixfirhy's attack.
The sixfirhy hits you but does no damage.
You block the sixfirhy's attack. The sixfirhy hits you.
* * * LOW HITPOINT WARNING * * *
The sixfirhy shocks you. You resist.
* * * LOW HITPOINT WARNING * * *
You block the sixfirhy's attack.
The sixfirhy hits you but does no damage.
You block the sixfirhy's attack.
The sixfirhy hits you but does no damage. x2
You see here a scroll labelled EGIFU JATIXZI.
A - a scroll labelled EGIFU JATIXZI You block the sixfirhy's attack.
The sixfirhy hits you but does no damage. x2
As you read the scroll of teleportation, it crumbles to dust.
You feel strangely unstable.
You feel the power of the Abyss delaying your translocation!
The sixfirhy hits you.
* * * LOW HITPOINT WARNING * * *
The sixfirhy shocks you. You resist.
* * * LOW HITPOINT WARNING * * *
The sixfirhy hits you but does no damage.
The sixfirhy closely misses you. You block the sixfirhy's attack. x2
The sixfirhy hits you.
* * * LOW HITPOINT WARNING * * *
The sixfirhy shocks you. You resist.
* * * LOW HITPOINT WARNING * * *
The sixfirhy hits you.
You die...

..##..##..##..##. ##..
.. .................. .
...................
.... #..##..##...♣..♣..
.♣ .
##..##..##..♣....♣.♣
♣..
.........2...♣♣....#...
............#...#..
.... #. ##33##.. . ...
.#... #3@##..........#
## #..#.#..... . .. ##
#... ##....... . ....
##.. . ....... .....
.## ......... ## # #.
... ....# ## .. ..###.
.#..# . .. #. . .#


You could see a cacodemon and 3 sixfirhies.

Vanquished Creatures
  Pikel (D:3)
  Eustachio (D:5)
  Menkaure (D:4)
  Duvessa (D:5)
  2 ogres
  A phantom (D:4)
  A lemure (D:3)
  A centaur (D:5)
  A bullfrog (D:3)
  A wyvern zombie (D:5)
  A scorpion (D:5)
  Dowan (D:5)
  3 orc priests
  A jelly (D:4)
  2 iguanas (D:5)
  Terence (D:2)
  2 orc wizards
  2 hound skeletons (D:5)
  8 adders
  2 ufetubi
  An adder skeleton (D:4)
  2 worms
  3 dart slugs
  10 orcs
  5 bats
  9 endoplasms
  3 giant cockroaches
  7 goblins
  9 hobgoblins
  2 jackals (D:1)
  3 quokkas
  10 ball pythons
  4 frilled lizards
  5 kobolds
  5 rats
112 creatures vanquished.

Vanquished Creatures (others)
  23 plants
23 creatures vanquished.

Grand Total: 135 creatures vanquished

Notes
Turn   | Place    | Note
-------+----------+-------------------------------------------
     0 | D:1      | bande the Gargoyle Fighter began the quest for the Orb.
     0 | D:1      | Reached XP level 1. HP: 14/14 MP: 1/1
   498 | D:1      | Reached skill level 2 in Axes
   511 | D:1      | Reached XP level 2. HP: 19/19 MP: 2/2
   844 | D:1      | Found a faded altar of an unknown god.
  1183 | D:2      | Noticed Terence
  1201 | D:2      | Killed Terence
  1202 | D:2      | Reached XP level 3. HP: 13/24 MP: 3/3
  1849 | D:2      | Reached XP level 4. HP: 29/29 MP: 4/4
  3076 | D:3      | Reached skill level 3 in Axes
  3093 | D:3      | Reached XP level 5. HP: 10/33 MP: 2/5
  4081 | D:4      | Reached XP level 6. HP: 38/38 MP: 6/6
  4082 | D:4      | Reached skill level 4 in Axes
  4333 | D:4      | Found a bloodstained altar of Trog.
  4349 | D:4      | Noticed Menkaure
  4357 | D:4      | Killed Menkaure
  4358 | D:4      | Reached XP level 7. HP: 15/44 MP: 2/7
  4587 | D:4      | Reached skill level 5 in Axes
  4608 | D:4      | Noticed Pikel
  4664 | D:3      | Killed Pikel
  4665 | D:3      | Reached skill level 5 in Fighting
  4665 | D:3      | Reached skill level 6 in Axes
  4665 | D:3      | Reached skill level 5 in Armour
  4665 | D:3      | Reached skill level 5 in Shields
  4665 | D:3      | Reached XP level 8. HP: 32/49 MP: 5/8
  5375 | D:5      | Entered Level 5 of the Dungeon
  5592 | D:5      | Noticed Dowan
  5592 | D:5      | Noticed Duvessa
  5596 | D:5      | Killed Dowan
  5601 | D:5      | Killed Duvessa
  5602 | D:5      | Reached skill level 7 in Axes
  6162 | D:5      | Noticed Eustachio
  6165 | D:5      | Reached XP level 9. HP: 55/55 MP: 9/9
  6210 | D:5      | Killed Eustachio
  6530 | D:5      | Cast into level 1 of the Abyss (kobold)
  6541 | Abyss:1  | Noticed a sixfirhy
  6541 | Abyss:1  | Noticed a sixfirhy
  6541 | Abyss:1  | Noticed a sixfirhy
  6547 | Abyss:1  | Noticed a cacodemon
  6557 | Abyss:1  | HP: 1/55 [sixfirhy[a cacodemon] (3)]
  6557 | Abyss:1  | Slain by a sixfirhy

Illustrated notes

Levels and vault maps discovered:
D:1:      dpeg_arrival_erosion, layout_basic,
          shapermc_ecumenical_altar_acropolis
D:2:      layout_loops_ring, serial_forest, infiniplex_forest_split,
          infiniplex_forest_zigzag_2, infiniplex_forest_clump_curved,
          infiniplex_forest_clump_C, infiniplex_forest_end_1,
          infiniplex_forest_pool, infiniplex_forest_end_double,
          infiniplex_forest_zigzag_2, infiniplex_forest_straight_3, uniq_terence
D:3:      layout_basic
D:4:      layout_cave_pools, trog_book, st_stairs_6, minmay_misc_feat_tower,
          minmay_misc_feat_alley, uniq_menkaure, uniq_pikel
D:5:      kb_forest_paths, layout_rooms, chequers_serial_rivers_micro_e,
          uniq_eustachio, uniq_duvessa
D:6:      layout_rooms, serial_bayou_pond_b, hex_large, grunt_ministairs_9
Abyss:1:  base: Temple, evilmike_abyss_exit_kraken, evilmike_abyss_exit_16

Skill      XL: |  1  2  3  4  5  6  7  8  9 |
---------------+----------------------------+-----
Axes           | 2 3 4 6 7 |  7.7
Armour         | 4 5 6 |  6.0
Shields        | 4 5 6 |  6.1
Fighting       | 4 5 6 |  6.1

Action                   |  1- 3 |  4- 6 |  7- 9 || total
-------------------------+-------+-------+-------++-------
Melee: War axe           |   109 |   175 |   118 ||   402
  Use: Scroll            |       |     8 |     4 ||    12
Armor: Scale mail        |    69 |    55 |       ||   124
       Skin              |       |    15 |       ||    15
       Chain mail        |       |    11 |    95 ||   106
Dodge: Dodged            |    45 |    95 |    79 ||   219
Block: Buckler           |    18 |    34 |       ||    52
       Kite shield       |       |    13 |    98 ||   111

Table legend: (Time is in decaauts)
 A = Elapsed time spent in this place.
 B = Non-inter-level travel time spent in this place.
 C = Inter-level travel time spent in this place.
 D = Time resting spent in this place.
 E = Time spent auto-exploring this place.
 F = Levels seen in this place.
 G = Mean time per level.
                   A        B        C        D        E       F      G
               +--------+--------+--------+--------+--------+-----+--------+
         Total |   6710 |   6610 |    100 |   1871 |   3470 |   7 |  958.6 |
       Dungeon |   6683 |   6583 |    100 |   1871 |   3470 |   6 | 1113.8 |
         Abyss |     27 |     27 |      0 |      0 |      0 |   1 |   27.0 |
               +--------+--------+--------+--------+--------+-----+--------+

Top non-repeatable levels by time:
     D:3: 1837 daAuts
     D:2: 1506 daAuts
     D:1: 1155 daAuts
     D:5: 1144 daAuts
     D:4: 1034 daAuts
 Abyss:1: 27 daAuts
     D:6: 5 daAuts
